[Event "Israel National League 2024"]
[Site "Israel"]
[Date "2024.01.12"]
[Round "2.12"]
[White "Uritsky, Yonathan"]
[Black "Pasman, Michael"]
[Result "0-1"]
[ECO "B12"]
[WhiteElo "2097"]
[BlackElo "2341"]
[Annotator "RC"]
[PlyCount "54"]
[EventDate "2024.01.07"]
[EventType "team-tourn"]
[EventCountry "ISR"]
[SourceTitle "playchess.com"]
[Source "ChessBase"]
[SourceQuality "1"]
[TimeControl "40/5400+30:1800+30"]

1. e4 c6 2. d4 d5 3. e5 Bf5 4. h4 h6 5. g4 Be4 6. f3 Bh7 7. e6 Qd6 8. exf7+ Kxf7 9. Bd3 Nf6 10. Ne2 Nbd7 11. O-O Bxd3 12. Qxd3 e5 13. f4 exd4 14. g5 Ne4 15. Nxd4 Kg8 16. Nd2 Re8 17. Nf5 Qc5+ 18. Kg2 hxg5 19. Nb3 Qc4 20. hxg5 g6 21. Ng3 Qxd3 22. cxd3 Nxg3 23. Kxg3 Nc5 24. Rf3 Nxb3 25. axb3 Rh1 26. Rf2 Ree1 27. Rc2 a5 0-1

[Event "Israel National League 2024"]
[Site "Israel"]
[Date "2024.01.12"]
[Round "2.13"]
[White "Levin, Guy"]
[Black "Rodshtein, Maxim"]
[Result "0-1"]
[ECO "A11"]
[WhiteElo "2435"]
[BlackElo "2580"]
[Annotator "TA"]
[PlyCount "58"]
[EventDate "2024.01.07"]
[EventType "team-tourn"]
[EventCountry "ISR"]
[SourceTitle "playchess.com"]
[Source "ChessBase"]
[SourceQuality "1"]
[TimeControl "40/5400+30:1800+30"]

1. Nf3 d5 2. e3 Nf6 3. c4 c6 4. Nc3 Nbd7 5. Qc2 e5 6. cxd5 {[%emt 0:02:24] A11: English Opening: 1...c6.} Nxd5 7. d4 Nb4 8. Qb1 {[%emt 0:10:51] The position is equal.} exd4 9. Nxd4 (9. Qe4+ Be7 10. Nxd4 Nc5 $15) 9... Nf6 {[%emt 0:02:19] [#]} 10. Bd2 $146 ({Predecessor:} 10. Be2 c5 11. Nf3 Bd6 12. O-O O-O 13. b3 Qe7 14. Bb2 Bg4 15. Nb5 Bb8 16. Ng5 {½-½ Demuth,A (2498)-Admiraal,M (2506) BEL-chT 1920 2019 (8.3)}) 10... g6 11. a3 Nbd5 12. Bc4 Nb6 13. Ba2 Bg7 14. O-O O-O 15. Qc2 Qe7 (15... c5 $5 16. Nf3 Bg4 $11) 16. b4 Rd8 17. a4 (17. Bb3 $5) 17... Nbd5 18. Nxd5 Nxd5 19. Qb3 $2 {[%emt 0:02:06] [#] This costs White the game.} (19. Bxd5 $11 {and White has nothing to worry.} Rxd5 20. Bc3) 19... a5 $1 $19 {[%emt 0:03:53][%mdl 576] Deflection} 20. bxa5 c5 21. Nf3 Bxa1 22. Rxa1 Bg4 {[%emt 0:02:40] Hoping for ...Bxf3.} 23. Rb1 $2 (23. Ne1) 23... Bxf3 {[%emt 0:01:41] Black is clearly winning.} 24. gxf3 {[%emt 0:00:08] [#]} Nf4 $1 25. exf4 {[%emt 0:01:36] Black must now prevent Bc3.} Rxd2 26. Kg2 Rad8 ({Not} 26... Rxa5 27. Qc3 Rxa2 28. Qxa5 $17) (26... Qh4 27. Qxf7+ Kh8 28. Rf1 $15) 27. Re1 Qf6 (27... Qxe1 $2 {is a self mate.} 28. Qxf7+ Kh8 29. Qf6#) 28. Qc4 Kg7 {[%emt 0:01:31] Threatens to win with ...R8d4.} ({Weaker is} 28... Qh4 29. Re8+ Rxe8 30. Qxf7+ Kh8 31. Qxe8+ Kg7 32. Qg8+ Kh6 33. Qf8+ Kh5 34. Qxc5+ Kh6 35. Bd5 $11) 29. Bb3 Rb2 {[%emt 0:01:40] Weighted Error Value: White=0.38/Black=0.01 (flawless)} 0-1

[Event "Israel National League 2024"]
[Site "Israel"]
[Date "2024.01.12"]
[Round "2.14"]
[White "Zanan, Evgeny"]
[Black "Gorodetzky, David"]
[Result "1/2-1/2"]
[ECO "C54"]
[WhiteElo "2487"]
[BlackElo "2486"]
[Annotator "TA"]
[PlyCount "38"]
[EventDate "2024.01.07"]
[EventType "team-tourn"]
[EventCountry "ISR"]
[SourceTitle "playchess.com"]
[Source "ChessBase"]
[SourceQuality "1"]
[TimeControl "40/5400+30:1800+30"]

1. e4 e5 2. Nf3 Nc6 3. Bc4 Bc5 4. c3 Nf6 5. d3 d6 6. O-O a6 7. a4 {[%emt 0:00:16] C54: Giuoco Piano: 4 c3 Nf6, main lines with 5 d4 and 5 d3.} Ba7 8. Re1 $1 {[%emt 0:02:15] The main line 8.Re1 scores better than 8.Nbd2.} h6 9. Nbd2 {[%emt 0:09:46] White has an edge.} g5 10. Nf1 (10. b4 $14) 10... g4 $11 11. N3d2 h5 12. Nb3 h4 13. Be3 {[%emt 0:11:58] [#]} Nh5 $146 ({Predecessor:} 13... Be6 14. Bxe6 fxe6 15. Bxa7 Nxa7 16. d4 Nc6 17. Ne3 Rg8 18. Nc4 Qe7 19. dxe5 dxe5 {1-0 Cori Quispe,K (2411)-Moroni,L (2499) Wch U18 Montevideo 2017 (9)}) 14. Qd2 Qf6 15. Bg5 {[%emt 0:10:05] [#]} (15. Bxa7 {simplifies} Nxa7 16. d4 Be6 17. dxe5 Qxe5 18. Bd5) 15... Bxf2+ $1 {[%emt 0:12:51][%mdl 64] Deflection} 16. Qxf2 Qxg5 17. Bxf7+ Ke7 $1 {[%emt 0:03:28] Strongly threatening ...g3.} 18. Bxh5 Rf8 {[%emt 0:03:01] Inhibits Qf7+.} (18... Rxh5 $5 19. Ne3 Be6 20. Nd5+ Bxd5 21. exd5 g3 $15) 19. Qe2 Qxh5 {[%emt 0:01:44] Weighted Error Value: White=0.11 (very precise) /Black=0.13 (very precise)} 1/2-1/2

[Event "Israel National League 2024"]
[Site "Israel"]
[Date "2024.01.12"]
[Round "2.15"]
[White "Grinberg, Eyal"]
[Black "Bronstein, Or"]
[Result "1/2-1/2"]
[ECO "C07"]
[WhiteElo "2471"]
[BlackElo "2441"]
[Annotator "TA"]
[PlyCount "128"]
[EventDate "2024.01.07"]
[EventType "team-tourn"]
[EventCountry "ISR"]
[SourceTitle "playchess.com"]
[Source "ChessBase"]
[SourceQuality "1"]
[TimeControl "40/5400+30:1800+30"]

1. e4 e6 2. d4 d5 3. Nd2 c5 4. exd5 Qxd5 5. dxc5 Bxc5 6. Ngf3 Nf6 7. Bc4 Qh5 8. Nb3 {[%emt 0:05:00] C07: French Tarrasch: 3...c5, 4 Ngf3 and 4 exd5 Qxd5.} Bb6 9. Qe2 {[%emt 0:03:35] [#]} Bd7 $146 ({Predecessor:} 9... O-O 10. Bf4 Qg4 11. g3 Nc6 12. h3 Qh5 13. O-O-O e5 14. g4 Qg6 15. Nh4 Qe4 {1-0 Wacker,P (2273)-Engemann,T (2049) Bad Woerishofen op 38th 2023 (8)}) 10. Be3 Bxe3 11. Qxe3 Bb5 ({Resist} 11... Qg4 12. Ne5 Qe4 13. Qxe4 Nxe4 14. Rd1 $14) 12. Bxb5+ Qxb5 13. O-O-O O-O 14. Qe5 Qb6 15. Qd4 {[%emt 0:10:14] Wards off Ng4} Qa6 16. Kb1 Nc6 17. Qh4 Rfd8 18. a3 Qe2 19. Rde1 Qb5 20. Re3 Rac8 21. Rhe1 Qf5 22. h3 h6 23. Nfd2 Ne7 24. Ne4 $1 Nxe4 25. Rxe4 Ng6 26. Qg3 {[%emt 0:00:55] [#]} Rd1+ $1 {[%emt 0:06:43][%mdl 64] Deflection} 27. Rxd1 Qxe4 28. Rd2 Ne5 29. f3 Qf5 30. Qh4 Qg5 31. Qb4 Nc4 {[%emt 0:01:14][%mdl 64] Deflection} 32. Rd7 Qe5 (32... b6 {simplifies} 33. Qe7 Qxe7 34. Rxe7 a5) 33. Nd2 $1 $132 {[%emt 0:04:08][%mdl 2048] White has counterplay} Nb6 34. Rxb7 Qe1+ 35. Ka2 {[%emt 0:00:02] And now Qf4 would win.} Nd5 {[%emt 0:00:32] Repels Qf4} (35... Rxc2 $11 36. Rxa7 Qxd2 37. Qxb6 Qd5+ 38. Qb3 Rxb2+ {[%mdl 64] Decoy} 39. Kxb2 Qd4+ 40. Qc3 Qb6+ 41. Ka2 Qxa7) 36. Qd4 $14 {[%emt 0:00:32] Threatens to win with c4.} Qc1 $2 (36... a5 $16 {was called for.}) 37. c4 $18 (37. Rxa7 $2 {perishes.} Nc3+ 38. bxc3 Qxc2+ 39. Ka1 Rb8 $19) 37... Nf6 38. Rxa7 e5 39. Qd3 ({Stronger than} 39. Qxe5 Qxd2 40. Rc7 Re8 $17) 39... Rb8 $2 (39... Qg1 {was worth a try.}) 40. Nb3 Qg1 41. c5 Qxg2 42. c6 Qxh3 43. c7 Re8 (43... Rf8 $142 44. Rb7 Qc8) 44. Rb7 e4 45. Qc4 Rc8 46. fxe4 Qd7 47. Rb8 $2 (47. Nd4 $18 {has better winning chances.}) 47... Ne8 $16 {[%emt 0:00:00] [#]} 48. Qa6 {[%emt 0:00:00] White has more active pieces.} (48. Rxc8 $1 $16 {White wants to mate with Rd8.} Qxc8 49. a4) 48... Rxc7 $11 49. e5 {[%emt 0:00:00] Hoping for Qd6.} (49. Qa8 $5 Kf8 $8 50. Qa6 $11) 49... Kf8 50. Qb6 Rc8 51. Qb4+ Kg8 52. Rxc8 Qxc8 {[%emt 0:00:01][%mdl 4096] Endgame KQN-KQN} 53. a4 Nc7 54. Qc4 Qb7 (54... h5 $11) 55. Nd4 (55. Nc5 $14 Qc8 56. b4) 55... Nd5 56. Nf5 Nb4+ $2 (56... h5 $1 $11) 57. Ka3 $18 {[%emt 0:00:10][%cal Of5d6] Nd6! is the strong threat.} Qf3+ 58. Kxb4 Qxf5 {[%emt 0:00:02] [#] KQ-KQ} 59. Qd5 (59. e6 $1 $18 fxe6 60. a5) 59... Qf2 {[%emt 0:00:07] The position is equal.} 60. b3 h5 61. e6 {[%emt 0:01:56] Qd8+ would be deadly.} Qb6+ 62. Ka3 {[%emt 0:00:36] aiming for e7.} fxe6 63. Qxh5 {[%emt 0:00:06] Black must now prevent Qe5.} Qd6+ 64. Kb2 Qd2+ {[%emt 0:00:02] Weighted Error Value: White=0.29 (precise) /Black=0.29 (precise)} 1/2-1/2

[Event "Israel National League 2024"]
[Site "Israel"]
[Date "2024.01.12"]
[Round "2.16"]
[White "Oratovsky, Michael"]
[Black "Mesropov, Konstantin"]
[Result "1/2-1/2"]
[ECO "C09"]
[WhiteElo "2412"]
[BlackElo "2440"]
[Annotator "RC"]
[PlyCount "61"]
[EventDate "2024.01.07"]
[EventType "team-tourn"]
[EventCountry "ISR"]
[SourceTitle "playchess.com"]
[Source "ChessBase"]
[SourceQuality "1"]
[TimeControl "40/5400+30:1800+30"]

1. e4 e6 2. d4 d5 3. Nd2 c5 4. Ngf3 Nc6 5. exd5 exd5 6. Bb5 Qe7+ 7. Be2 Qc7 8. O-O Nf6 9. Re1 cxd4 10. Nb3 Bb4 11. Bd2 Bxd2 12. Qxd2 O-O 13. Nfxd4 Bd7 14. c3 Ne4 15. Qc2 Ne5 16. Nd2 Nf6 17. N2f3 Ng6 18. Bf1 Rad8 19. g3 a6 20. Bg2 Qc8 21. Ne5 Bh3 22. Bxh3 Qxh3 23. Qf5 Qxf5 24. Nxf5 Nxe5 25. Rxe5 g6 26. Nd4 Rfe8 27. Rae1 Kf8 28. f3 Rxe5 29. Rxe5 Re8 30. Rxe8+ Nxe8 31. Kf2 1/2-1/2

[Event "Israel National League 2024"]
[Site "Israel"]
[Date "2024.01.12"]
[Round "2.17"]
[White "Bakalchuk, Johnatan"]
[Black "Veinberg, Nimrod"]
[Result "0-1"]
[ECO "A07"]
[WhiteElo "2450"]
[BlackElo "2411"]
[Annotator "RC"]
[PlyCount "80"]
[EventDate "2024.01.07"]
[EventType "team-tourn"]
[EventCountry "ISR"]
[SourceTitle "playchess.com"]
[Source "ChessBase"]
[SourceQuality "1"]
[TimeControl "40/5400+30:1800+30"]

1. Nf3 d5 2. g3 Nd7 3. Bg2 e5 4. O-O Ngf6 5. d3 Be7 6. e4 dxe4 7. dxe4 O-O 8. Qe2 Re8 9. b3 Bc5 10. Bb2 Qe7 11. Nbd2 Ba3 12. Bxa3 Qxa3 13. Qc4 Qc5 14. Rfe1 b6 15. Qxc5 Nxc5 16. b4 Ncd7 17. Nc4 a5 18. Nfxe5 Nxe5 19. Nxe5 Bb7 20. Nc4 axb4 21. e5 Bxg2 22. Kxg2 Nd5 23. Red1 c6 24. Rxd5 cxd5 25. Nxb6 Rab8 26. Nxd5 Rxe5 27. Ne3 Ra5 28. Kf3 f5 29. h4 Kf7 30. Kf4 Ra4 31. Nc4 Kf6 32. Rd1 Rxa2 33. Ne3 b3 34. Rd6+ Kf7 35. cxb3 Rxf2+ 36. Kg5 Rxb3 37. Nxf5 h6+ 38. Kg4 h5+ 39. Kg5 Rb5 40. Rd7+ Ke8 0-1

[Event "Israel National League 2024"]
[Site "Israel"]
[Date "2024.01.12"]
[Round "2.18"]
[White "Kaspi, Alexander"]
[Black "Shohat, Yotam"]
[Result "1/2-1/2"]
[ECO "A65"]
[WhiteElo "2375"]
[BlackElo "2328"]
[Annotator "RC"]
[PlyCount "97"]
[EventDate "2024.01.07"]
[EventType "team-tourn"]
[EventCountry "ISR"]
[SourceTitle "playchess.com"]
[Source "ChessBase"]
[SourceQuality "1"]
[TimeControl "40/5400+30:1800+30"]

1. d4 Nf6 2. c4 g6 3. Nc3 Bg7 4. e4 O-O 5. Be3 d6 6. f3 c5 7. Nge2 Nc6 8. d5 Ne5 9. Ng3 e6 10. Be2 exd5 11. cxd5 a6 12. a4 h5 13. O-O Nh7 14. Qd2 h4 15. Nh1 f5 16. Nf2 Bd7 17. Kh1 Nf7 18. exf5 gxf5 19. Nh3 Re8 20. Rfe1 Qf6 21. a5 Re5 22. Bf1 Rae8 23. Bf2 Nf8 24. f4 Rxe1 25. Bxe1 Qd4 26. Qc2 Ng6 27. Bf2 Qf6 28. Qd2 Nh6 29. Re1 Ng4 30. Bg1 Rxe1 31. Qxe1 Qe7 32. Qd2 Bf6 33. Bd3 Qg7 34. Nd1 Bd4 35. Bc4 Bxg1 36. Kxg1 Nf6 37. Ng5 Ne4 38. Nxe4 fxe4 39. Nf2 Bf5 40. Kf1 Qh6 41. g3 hxg3 42. hxg3 Qh2 43. Qe3 Ne7 44. g4 Bxg4 45. Qxe4 Nf5 46. Qe8+ Kg7 47. Qd7+ Kg6 48. Qe8+ Kg7 49. Qd7+ 1/2-1/2

[Event "Israel National League 2024"]
[Site "Israel"]
[Date "2024.01.12"]
[Round "2.19"]
[White "Sokolovsky, Yahli"]
[Black "Emanuel, Yahav"]
[Result "1-0"]
[ECO "C65"]
[WhiteElo "2436"]
[BlackElo "2333"]
[Annotator "RC"]
[PlyCount "59"]
[EventDate "2024.01.07"]
[EventType "team-tourn"]
[EventCountry "ISR"]
[SourceTitle "playchess.com"]
[Source "ChessBase"]
[SourceQuality "1"]
[TimeControl "40/5400+30:1800+30"]

1. e4 e5 2. Nf3 Nc6 3. Bb5 Nf6 4. O-O Bc5 5. Nxe5 Nxe4 6. Qe1 Nxe5 7. d4 Be7 8. dxe5 Nc5 9. b4 Ne6 10. f4 c6 11. Bd3 Qb6+ 12. Be3 Bxb4 13. Nd2 Qxe3+ 14. Qxe3 Bc5 15. Rae1 O-O 16. Ne4 Bxe3+ 17. Rxe3 d5 18. exd6 Nd4 19. c3 Nf5 20. Re2 Rd8 21. Rfe1 g6 22. Nf6+ Kg7 23. Ne8+ Kh6 24. Bxf5 Bxf5 25. Re7 g5 26. R1e5 Kg6 27. g4 Bxg4 28. Rxg5+ Kh6 29. Rxf7 Bh5 30. Nf6 1-0

[Event "Israel National League 2024"]
[Site "Israel"]
[Date "2024.01.12"]
[Round "2.20"]
[White "Tifferet, Shakked"]
[Black "Yaniv, Yuval"]
[Result "1/2-1/2"]
[ECO "A49"]
[WhiteElo "2334"]
[BlackElo "2383"]
[Annotator "RC"]
[PlyCount "119"]
[EventDate "2024.01.07"]
[EventType "team-tourn"]
[EventCountry "ISR"]
[SourceTitle "playchess.com"]
[Source "ChessBase"]
[SourceQuality "1"]
[TimeControl "40/5400+30:1800+30"]

1. Nf3 Nf6 2. g3 g6 3. b3 Bg7 4. Bb2 O-O 5. Bg2 d6 6. d4 b5 7. O-O Bb7 8. Qd3 a6 9. Nbd2 c5 10. e3 Nbd7 11. c4 e6 12. Rfd1 b4 13. a3 Re8 14. dxc5 Nxc5 15. Qc2 a5 16. Ne1 Bxg2 17. Kxg2 Qb6 18. axb4 axb4 19. Nd3 Nfd7 20. Bxg7 Kxg7 21. Kg1 Qb7 22. Nxc5 Nxc5 23. Qb2+ e5 24. h4 h6 25. Rxa8 Qxa8 26. Ra1 Qc8 27. Nf3 Qg4 28. Nh2 Qf5 29. Rd1 Ne4 30. Kg2 Ra8 31. g4 Qf6 32. Nf3 Nc3 33. Ra1 Qe6 34. Nh2 Qc8 35. f3 e4 36. f4 Kh7 37. Rxa8 Qxa8 38. Qd2 Qa2 39. Qxa2 Nxa2 40. Nf1 f5 41. g5 Nc1 42. Nd2 h5 43. Kf2 Kg8 44. Ke1 Kf7 45. Kd1 Nd3 46. Ke2 Ke6 47. Kf1 Nc1 48. Ke1 Kd7 49. Kd1 Nd3 50. Ke2 Kc6 51. Kf1 Kb6 52. Ke2 Kc5 53. Kd1 Kc6 54. Ke2 Kb6 55. Kd1 Kc5 56. Ke2 Nc1+ 57. Kd1 Nd3 58. Ke2 Nc1+ 59. Kd1 Nd3 60. Ke2 1/2-1/2

[Event "Israel National League 2024"]
[Site "Israel"]
[Date "2024.01.12"]
[Round "2.21"]
[White "Efroimski, Marsel"]
[Black "Lev, Ronen"]
[Result "1-0"]
[ECO "C77"]
[WhiteElo "2434"]
[BlackElo "2341"]
[Annotator "RC"]
[PlyCount "109"]
[EventDate "2024.01.07"]
[EventType "team-tourn"]
[EventCountry "ISR"]
[SourceTitle "playchess.com"]
[Source "ChessBase"]
[SourceQuality "1"]
[TimeControl "40/5400+30:1800+30"]

1. e4 e5 2. Nf3 Nc6 3. Bb5 a6 4. Ba4 Nf6 5. Nc3 b5 6. Bb3 Be7 7. a4 b4 8. Nd5 O-O 9. d3 d6 10. Nxf6+ Bxf6 11. Bd5 Bd7 12. b3 Rb8 13. Bxc6 Bxc6 14. Bb2 Bg5 15. h4 Bf4 16. g3 Bh6 17. g4 Bf4 18. Qe2 d5 19. Nxe5 Ba8 20. g5 Re8 21. d4 dxe4 22. Rg1 c5 23. Rg4 cxd4 24. Rxf4 Rxe5 25. O-O-O Qc7 26. Bxd4 Re6 27. Rf5 Rd8 28. Rc5 Qe7 29. Be3 Red6 30. Rxd6 Qxd6 31. Qd2 Qb8 32. Bf4 Rxd2 33. Bxb8 Rd8 34. Bf4 f6 35. gxf6 gxf6 36. Rc4 Kf7 37. Rxb4 Re8 38. h5 Ke6 39. Rb6+ Kf5 40. Be3 Re6 41. Rb8 Bc6 42. Rg8 Be8 43. h6 Ke5 44. Rg7 Bg6 45. Ba7 Kf4 46. b4 Be8 47. Rxh7 Bxa4 48. Rf7 Kf5 49. Bd4 Kg6 50. h7 Re8 51. h8=Q Rxh8 52. Rxf6+ Kg5 53. Rxa6 Rh1+ 54. Kb2 Bd7 55. Rd6 1-0

[Event "Israel National League 2024"]
[Site "Israel"]
[Date "2024.01.12"]
[Round "2.22"]
[White "Ben-Menachem, Itzhak"]
[Black "Zemach, Nadav"]
[Result "0-1"]
[ECO "D10"]
[WhiteElo "2266"]
[BlackElo "2384"]
[Annotator "RC"]
[PlyCount "98"]
[EventDate "2024.01.07"]
[EventType "team-tourn"]
[EventCountry "ISR"]
[SourceTitle "playchess.com"]
[Source "ChessBase"]
[SourceQuality "1"]
[TimeControl "40/5400+30:1800+30"]

1. d4 d5 2. c4 c6 3. cxd5 cxd5 4. Nc3 Nf6 5. Bf4 Nc6 6. e3 a6 7. Rc1 Bg4 8. Qb3 Na5 9. Qa4+ Bd7 10. Qc2 Rc8 11. Nf3 e6 12. Bd3 Be7 13. O-O O-O 14. Ne5 b5 15. Qe2 Nc4 16. Rfd1 Nd6 17. Qf3 Be8 18. g4 b4 19. g5 bxc3 20. gxf6 Bxf6 21. Rxc3 Rxc3 22. bxc3 Be7 23. Qh3 f5 24. c4 dxc4 25. Nxc4 Bc6 26. Ne5 Bd5 27. Rc1 Bf6 28. Bxa6 Ne4 29. Be2 Qa5 30. f3 Qd2 31. Qf1 Nc3 32. Bd3 Bxe5 33. dxe5 Rc8 34. Re1 Bxf3 35. Ba6 Rc7 36. Qf2 Qxf2+ 37. Kxf2 Bd5 38. a3 Ra7 39. Bd3 Rxa3 40. Rc1 Kf7 41. Bg5 Ke8 42. h4 h6 43. Bf4 Kf7 44. Ke1 Be4 45. Bc4 Bf3 46. Rc2 g5 47. hxg5 hxg5 48. Bh2 g4 49. Bf4 Ra1+ 0-1

[Event "Israel National League 2024"]
[Site "Israel"]
[Date "2024.01.12"]
[Round "2.23"]
[White "Vagman, Roy"]
[Black "Lavi, Idan"]
[Result "1-0"]
[ECO "B07"]
[WhiteElo "2302"]
[BlackElo "2118"]
[Annotator "RC"]
[PlyCount "71"]
[EventDate "2024.01.07"]
[EventType "team-tourn"]
[EventCountry "ISR"]
[SourceTitle "playchess.com"]
[Source "ChessBase"]
[SourceQuality "1"]
[TimeControl "40/5400+30:1800+30"]

1. e4 d6 2. d4 Nf6 3. Nc3 Nbd7 4. f4 e5 5. Nf3 exd4 6. Qxd4 c6 7. Be3 d5 8. e5 Ng4 9. Bg1 Bc5 10. Qd2 Bxg1 11. Rxg1 Qb6 12. O-O-O Nxh2 13. Nd4 Nxf1 14. Rgxf1 O-O 15. Rde1 Re8 16. Rf3 Qc7 17. Nf5 Nf8 18. Nd6 Re7 19. Rg3 f5 20. Ne2 g6 21. Nd4 Kh8 22. Rh1 Be6 23. Rg5 Rg7 24. Rh6 Qd7 25. g4 c5 26. Ne2 fxg4 27. Ng3 Rd8 28. f5 gxf5 29. Nh5 Rg6 30. Rgxg6 Nxg6 31. Qg5 Rf8 32. Qxg6 Bg8 33. Qg5 f4 34. e6 Bxe6 35. Qe5+ Kg8 36. Rxe6 1-0

[Event "Israel National League 2024"]
[Site "Israel"]
[Date "2024.01.12"]
[Round "2.24"]
[White "Michaeli, Omri"]
[Black "Lahav, Michal"]
[Result "0-1"]
[ECO "C19"]
[WhiteElo "1971"]
[BlackElo "2205"]
[Annotator "RC"]
[PlyCount "144"]
[EventDate "2024.01.07"]
[EventType "team-tourn"]
[EventCountry "ISR"]
[SourceTitle "playchess.com"]
[Source "ChessBase"]
[SourceQuality "1"]
[TimeControl "40/5400+30:1800+30"]

1. e4 e6 2. d4 d5 3. Nc3 Bb4 4. e5 c5 5. a3 Bxc3+ 6. bxc3 Ne7 7. a4 Qa5 8. Qd2 Nbc6 9. Nf3 Bd7 10. Ba3 cxd4 11. cxd4 Qxd2+ 12. Kxd2 Nf5 13. Bb2 Na5 14. Bc3 Nc4+ 15. Bxc4 dxc4 16. g4 Ne7 17. Ng5 Bc6 18. f3 h5 19. h3 Rd8 20. Ne4 Nd5 21. g5 O-O 22. Bb2 Ne7 23. c3 Nf5 24. Ba3 Rfe8 25. Rhg1 Ra8 26. a5 Nh4 27. Ke2 Red8 28. Be7 Rd7 29. Bd6 Kh7 30. Bb4 Kg6 31. Ke3 Nf5+ 32. Kf4 Rh8 33. Bc5 Ra8 34. Rgb1 Bd5 35. Rb4 Nh4 36. Rg1 b6 37. axb6 axb6 38. Rxb6 Ra2 39. Rbb1 Nf5 40. Rbf1 Rh2 41. Rh1 Rc2 42. Bb4 Ra7 43. Nd6 Raa2 44. Nxf5 exf5 45. h4 Rd2 46. Re1 Rf2 47. Ref1 Bxf3 48. Rxf2 Rxf2 49. Ke3 Bxh1 50. Kxf2 f4 51. Bf8 Bd5 52. Ba3 Kf5 53. Bc1 Kg4 54. Bd2 g6 55. Bc1 f3 56. Be3 Kxh4 57. Bf4 Kg4 58. Be3 Kf5 59. Bd2 Ke4 60. Bc1 Kd3 61. Bb2 Kc2 62. Ba3 Kxc3 63. Ke3 Kb3 64. Bc1 Kc2 65. Ba3 c3 66. Bb4 Kb2 67. Kd3 c2 68. Bc3+ Kb1 69. Bd2 c1=Q 70. Bxc1 Kxc1 71. Ke3 Kd1 72. Kf2 Kd2 0-1

[Event "Israel National League 2024"]
[Site "Israel"]
[Date "2024.01.12"]
[Round "2.25"]
[White "Rechlis, Gad"]
[Black "Parkhov, Yair"]
[Result "0-1"]
[ECO "D02"]
[WhiteElo "2473"]
[BlackElo "2495"]
[Annotator "TA"]
[PlyCount "82"]
[EventDate "2024.01.07"]
[EventType "team-tourn"]
[EventCountry "ISR"]
[SourceTitle "playchess.com"]
[Source "ChessBase"]
[SourceQuality "1"]
[TimeControl "40/5400+30:1800+30"]

1. Nf3 d5 2. g3 Nc6 3. d4 Bf5 4. Bg2 e6 5. O-O Nb4 6. c4 {[%emt 0:22:38] D02: 1 d4 d5 2 Nf3 sidelines, including 2...Nf6 3 g3 and 2...Nf6 3 Bf4.} Nc2 $1 7. Nh4 {[%emt 0:00:04] Black must now prevent Nxf5.} Nxa1 {[%emt 0:00:46][%mdl 64] [#] Discovered Attack} 8. Nxf5 {[%emt 0:00:05] The position is equal.} exf5 9. Nc3 Qd7 ({Don't do} 9... dxc4 10. Bxb7 Bd6 11. Bxa8 (11. Bd2 Rb8 $17) 11... Qxa8 12. Qa4+ Kf8 13. Bf4 $16) 10. cxd5 Bb4 {[%emt 0:06:23] [#]} 11. Qd3 $146 ({Predecessor:} 11. e4 Ne7 12. Bg5 fxe4 13. Nxe4 O-O 14. Nc5 Bxc5 15. dxc5 h6 16. Bf4 Rad8 17. d6 cxd6 18. Bxd6 {0-1 Andreikin,D (2729)-Vazquez,G (2573) Titled Tuesday intern op 11th Oct Late blitz 2022 (5)}) 11... Ne7 12. Bg5 O-O 13. Bxe7 Qxe7 14. Rxa1 g6 15. Rc1 Rac8 16. e3 Bd6 17. Na4 Rfd8 18. Bf3 Qe8 19. Nc5 Bxc5 20. dxc5 Qe5 (20... b6 $5 ) 21. b4 Rd7 22. Kg2 Rcd8 23. Rc4 Rxd5 24. Bxd5 Rxd5 25. Rd4 Rxd4 26. Qxd4 Qe4+ 27. Qxe4 fxe4 $11 {[%emt 0:00:06][%mdl 4096] Endgame KP-KP} 28. f3 $2 {[%emt 0:00:49][%mdl 8192] [#]} (28. Kh3 $11 {and White is okay.}) 28... Kg7 $1 $19 29. fxe4 Kf6 {[%emt 0:00:06] ...Ke5 would be deadly.} 30. g4 $2 (30. Kf3 Ke5 31. a3) 30... Ke5 {[%emt 0:01:01] Black is clearly winning.} 31. Kf3 (31. Kf2 $142 Kxe4 32. Ke2) 31... g5 32. b5 c6 33. b6 a6 34. h3 a5 35. Kf2 Kxe4 36. Ke2 Kd5 37. Kd3 Kxc5 38. Ke4 Kxb6 39. Ke5 c5 40. e4 Kc7 41. Kd5 b6 {[%emt 0:30:09] Weighted Error Value: White=0.81/Black=0.03 (flawless)} 0-1

[Event "Israel National League 2024"]
[Site "Israel"]
[Date "2024.01.12"]
[Round "2.26"]
[White "Bitensky, Igor"]
[Black "Zoler, Dan"]
[Result "0-1"]
[ECO "C77"]
[WhiteElo "2384"]
[BlackElo "2460"]
[Annotator "RC"]
[PlyCount "70"]
[EventDate "2024.01.07"]
[EventType "team-tourn"]
[EventCountry "ISR"]
[SourceTitle "playchess.com"]
[Source "ChessBase"]
[SourceQuality "1"]
[TimeControl "40/5400+30:1800+30"]

1. e4 e5 2. Nf3 Nc6 3. Bb5 a6 4. Ba4 Nf6 5. d3 d6 6. a3 g6 7. O-O Bg7 8. Nc3 O-O 9. Bb3 h6 10. h3 Nd7 11. Nd5 Nc5 12. Ba2 Kh7 13. c3 f5 14. exf5 Bxf5 15. d4 exd4 16. Nxd4 Nxd4 17. cxd4 Ne6 18. Be3 Qh4 19. Rc1 c6 20. Nb6 Rae8 21. Bxe6 Rxe6 22. d5 Re4 23. Qf3 Be6 24. Qe2 Bxh3 25. Rc4 cxd5 26. Rxe4 dxe4 27. Rc1 Bg4 28. Qd2 Be5 29. g3 Qh3 30. Rc7+ Kh8 31. Qxd6 Bxd6 32. Bd4+ Rf6 33. Bxf6+ Kg8 34. Rg7+ Kf8 35. Bd4 Bxg3 0-1